 Dungeon Crawl Stone Soup version 0.20-a0-672-gd6c3c51 (webtiles) character file.

53 Jackolantern the Ducker (level 3, 0/31 HPs)
             Began as a Draconian Monk on Feb 17, 2017.
             Succumbed to Crazy Yiuf's poison
             ... on level 2 of the Dungeon.
             The game lasted 00:03:09 (1444 turns).

Jackolantern the Ducker (Draconian Monk)            Turns: 1444, Time: 00:03:10

Health: 0/31       AC:  6    Str: 14    XL:     3   Next: 62%
Magic:  3/3        EV: 14    Int: 14    God:
Gold:   98         SH:  0    Dex: 13    Spells: 2/2 levels left

rFire    . . .     SeeInvis .     - Unarmed
rCold    . . .     Gourm    .   (armour unavailable)
rNeg     . . .     Faith    .   (no shield)
rPois    .         Spirit   .   (helmet restricted)
rElec    .         Reflect  .   m - +0 cloak
rCorr    .         Harm     .   (no gloves)
MR       .....                  (no boots)
Stlth    ++........             (no amulet)
Regen    0.1/turn               (no ring)
MPRegen  0.1/turn               l - +4 ring of intelligence (curse)

@: lethally poisoned (0 -> -6)
A: unfitting armour, cold-blooded, AC +5
a: no special abilities


You were on level 2 of the Dungeon.
You were not hungry.

You visited 1 branch of the dungeon, and saw 2 of its levels.

You collected 98 gold pieces.

Inventory:

Armour
 b - a +1 helmet
 m - a +0 cloak (worn)
Jewellery
 l - a cursed +4 ring of intelligence (left hand)
 p - a +3 ring of slaying {unknown}
Scrolls
 c - a scroll of blinking {unknown}
 d - 2 scrolls of magic mapping {unknown}
 e - a scroll of noise {unknown}
 g - a scroll of identify {unknown}
 j - a scroll of remove curse {unknown}
 k - a scroll of fear {unknown}
Potions
 f - a potion of ambrosia {unknown}
 i - a potion of lignification {unknown}
 n - a potion of agility {unknown}
 q - a potion of brilliance {unknown}
Comestibles
 h - a meat ration
 o - a fruit


   Skills:
 - Level 3.2 Fighting
 * Level 4.2 Dodging
 - Level 1.7 Stealth
 - Level 3.0 Unarmed Combat


You had 2 spell levels left.
You didn't know any spells.

Dungeon Overview and Level Annotations

Branches:
Dungeon (2/15)

Altars:

Annotations:
D:2 Crazy Yiuf


Innate Abilities, Weirdness & Mutations

Your plain brown scales are hard. (AC +5)
You cannot fit into any form of body armour.
You are cold-blooded and may be slowed by cold attacks.


Message History

Crazy Yiuf hits you with a quarterstaff of chaos!
You are electrocuted!
Ouch! That really hurt!
* * * LOW HITPOINT WARNING * * *
You barely miss Crazy Yiuf.
Crazy Yiuf is moderately wounded.
Crazy Yiuf screams, "Scoff!
Shower noodlescoop wrapper."
Crazy Yiuf zaps a wand.
The puff of flame misses you.
You barely miss Crazy Yiuf.
Your tail-slap misses Crazy Yiuf.
Crazy Yiuf is moderately wounded.
Crazy Yiuf hits you but does no damage.
You are lethally poisoned!
You hit Crazy Yiuf.
You tail-slap Crazy Yiuf, but do no damage.
Crazy Yiuf is heavily wounded.
* * * LOW HITPOINT WARNING * * *
You feel sick.
Crazy Yiuf zaps a wand.
The puff of flame misses you.
You closely miss Crazy Yiuf.
Crazy Yiuf is heavily wounded.
You die...

.......# #.#.#
#.#### #......#
#.#.# #.....
..##.#.# #.#.#
###### #.##.###
##### .# # #.##.# .#
# .#...###♣♣♣♣♣ [# #
...###....♣.♣♣♣#####
.# #
.#.##.))...♣..♣#...#
.# #
.#........♣♣♣♣.'@g.#
.# # ####.....♣♣
♣♣#..)# ###.# #
.#^..###♣♣ #####
#...# # .#.### #.###
# ...# #.# # .###
### #.# ### .# #.#
#.# #.. .#### #.#
#.# #.# .##.## #.#
#.# #.#


You could see Crazy Yiuf.

Vanquished Creatures
  A gnoll (D:1)
  A worm (D:2)
  4 dart slugs
  2 ball pythons
  3 bats
  2 giant cockroaches (D:2)
  3 goblins
  7 hobgoblins
  2 kobolds
  A frilled lizard (D:2)
  5 rats
31 creatures vanquished.

Notes
Turn   | Place    | Note
-------+----------+-------------------------------------------
     0 | D:1      | Jackolantern the Draconian Monk began the quest for the Orb.
     0 | D:1      | Reached XP level 1. HP: 19/19 MP: 1/1
    62 | D:1      | Reached skill level 3 in Dodging
   391 | D:1      | Reached XP level 2. HP: 26/26 MP: 2/2
   590 | D:1      | Reached XP level 3. HP: 31/31 MP: 3/3
   777 | D:2      | Reached skill level 4 in Dodging
  1166 | D:2      | Found a runed door.
  1431 | D:2      | Noticed Crazy Yiuf
  1440 | D:2      | HP: 1/31 [Crazy Yiuf/quarterstaff of chaos (17)]
  1444 | D:2      | Succumbed to Crazy Yiuf's poison

Vault maps used:
D:1:      saegor_arrival_simple_a, minmay_crystal_room, serial_bayou_lake_a
D:2:      serial_glass, glass_columns_a, glass_columns_c,
          kennysheep_generic_room_3, uniq_crazy_yiuf_cottage

Skill      XL: |  1  2  3 |
---------------+----------+-----
Dodging        | 3 4 |  4.2
Fighting       | |  3.2
Stealth        | |  1.7
Unarmed Combat | |  3.0

Action                   || total
-------------------------++-------
Melee: Unarmed           ||   112
       Tailslap          ||    19
       Punch             ||     1
 Stab: Sleeping          ||     6
  Eat: Bread ration      ||     1
       Chunk             ||     1
Armor: Skin              ||    15
Dodge: Dodged            ||    69
